AoeStats
← OhBoyitsDarran

MegaRandom

507176563Analyzed
2v2 RM · 14d ago on Sep 17, 2026· 26m 43s· 4 players
Game mode
Random Map
Map size
Medium (4 player)
Population
200
Speed
Normal
Resources
Standard
Victory
Conquest
Starting age
Dark Age
Ending age
Imperial Age
RankedLock teamsTeams togetherTeam positionsShared explorationLock speedFull tech treeHidden civsTurbo modeCheats
Victory
Defeat
🇲🇽 Ethiopians · Mexico
879
+12
🇨🇳 Vietnamese · China
841
+14
🇺🇸 Britons · United States
808
-14
🇺🇸 Franks · United States
777
-12
GenaroCazador
11:31 Feudal Age
16:28 Castle Age
21:47 Double-Bit Axe
21:50 Horse Collar
猫咪先生
11:31 Feudal Age
11:14 Loom
12:46 Double-Bit Axe
20:51 Castle Age
21:14 Crossbowman
22:02 Thumb Ring
22:39 Horse Collar
25:17 Bow Saw
OhBoyitsDarran
9:49 Feudal Age
8:06 Loom
10:36 Double-Bit Axe
23:59 Castle Age
24:46 Husbandry
sircallicott
3:09 Loom
10:16 Feudal Age
10:59 Double-Bit Axe
10:55 Horse Collar
18:34 Wheelbarrow
20:49 Castle Age
21:06 Fletching
21:26 Forging
21:16 Scale Mail Armor
21:16 Padded Archer Armor
21:21 Scale Barding Armor
21:54 Pikeman
23:33 Bow Saw
23:26 Heavy Plow
Connection lost

Rejoining the realm…

Still unreachable

The connection could not be restored.

Session expired

The server has moved on; the page needs a fresh start.